 Dungeon Crawl Stone Soup version 0.22.0-27-ga576289 (webtiles) character file.

5028 iamserjio the Grappler (level 10, 22/100 HPs)
             Began as a Troll Fighter on Aug 22, 2018.
             Was an Initiate of Cheibriados.
             Quit the game on level 9 of the Dungeon.
             The game lasted 00:22:18 (3177 turns).

iamserjio the Grappler (Troll Fighter)              Turns: 3177, Time: 00:22:18

Health: 22/100     AC:  7    Str: 25 (27) XL:     10   Next: 30%
Magic:  18/18      EV:  9    Int: 11 (13) God:    Cheibriados [......]
Gold:   259        SH: 10    Dex:  7 (10) Spells: 9/9 levels left

rFire    . . .     SeeInvis .     - Unarmed
rCold    . . .     Gourm    +   b - +0 shield
rNeg     . . .     Faith    +   r - +0 troll leather armour
rPois    +         Spirit   .   (helmet restricted)
rElec    .         Reflect  .   v - scarf {cloud immunity}
rCorr    .         Harm     .   (gloves unavailable)
MR       .....                  (boots unavailable)
Stlth    +.........             i - amulet of faith
HPRegen  1.06/turn              g - ring of magical power
MPRegen  0.16/turn              l - ring of poison resistance

@: brilliant, very slow
A: large, unfitting armour, claws 3, fast metabolism 3, gourmand, regeneration
1, shaggy fur 1, tough skin 2, MP-powered wands
a: Bend Time, Renounce Religion


You were on level 9 of the Dungeon.
You worshipped Cheibriados.
Cheibriados was noncommittal.
You were very full.

You visited 2 branches of the dungeon, and saw 10 of its levels.

You collected 259 gold pieces.

Inventory:

Missiles
 u - a throwing net (quivered) {!f}
 x - 3 poisoned tomahawks
Armour
 a - a +0 robe
 b - a +0 shield (worn)
 o - a +0 robe of fire resistance
 r - a +0 troll leather armour (worn)
 v - a scarf of cloud immunity (worn)
Jewellery
 f - an uncursed amulet of magic regeneration
 g - a ring of magical power (left claw)
 i - an amulet of faith (around neck)
 l - a ring of poison resistance (right claw)
Wands
 c - a wand of flame (13)
 j - a wand of digging (12)
 s - a wand of paralysis (15)
Scrolls
 h - a scroll of teleportation
 p - 2 scrolls of remove curse {@r2}
 q - 2 scrolls of amnesia {unknown}
 t - a scroll of immolation {unknown}
 y - a scroll of enchant armour {unknown}
 A - a scroll of enchant weapon {unknown}
 B - 3 scrolls of random uselessness
Potions
 e - 3 potions of haste
 k - 2 potions of curing {@q1}
 m - a potion of degeneration
 n - a potion of mutation
 w - a potion of brilliance
 z - a potion of heal wounds
Comestibles
 d - 10 rations
 C - a chunk of flesh


   Skills:
 + Level 6.8 Fighting
 - Level 2.4 Dodging
 + Level 6.8 Shields
 * Level 10.8 Unarmed Combat
 - Level 1.3 Evocations


You had 9 spell levels left.
You didn't know any spells.
Your spell library was empty.

Dungeon Overview and Level Annotations

Branches:
Dungeon (9/15)             Temple (1/1) D:5
   Lair: D:8-11         Orc: D:9-12

Altars:
Cheibriados
Fedhas
Gozag
Hepliaklqana
Makhleb
Nemelex Xobeh
Ru
Sif Muna
Uskayaw
Vehumet
Wu Jian
Xom
The Shining One


Innate Abilities, Weirdness & Mutations

You are too large for most types of armour.
You have claws for hands.
Your metabolism is lightning-fast.
You like to eat raw meat.
Your natural rate of healing is unusually fast.
You are covered in fur. (AC +1)
You have very tough skin. (AC +2)
You expend magic power (3 MP) to strengthen your wands.


Message History

It was a potion of heal wounds.
You feel much better. The death yak gores you.
* * * LOW HITPOINT WARNING * * *
You claw the death yak!
The death yak is heavily wounded.
A death yak comes into view.
The death yak bellows!
You scratch the death yak.
The death yak is heavily wounded.
The death yak gores you!
* * * LOW HITPOINT WARNING * * *
You scratch the death yak.
The death yak is heavily wounded.
The death yak gores you!
* * * LOW HITPOINT WARNING * * *
You mangle the death yak!!
The death yak is severely wounded.
A death yak comes into view.
The death yak gores you.
* * * LOW HITPOINT WARNING * * *
Are you sure you want to abandon this character and quit the game? (Confirm with "yes".)

.........# ...Y....#
#...... ..... # #Y.###.#
#.#...# #YY.# #Y###
########### ######@####
#.........#
...........###...[.....#
#######.##.......รท.....#
#.######<..).....# #.#
#.........# ..#
#.........# ..#
#.........# ####
#.........# ###########


You could see 5 death yaks.

Vanquished Creatures
  Pikel (D:7)
  An ugly thing (D:8)
  2 trolls
  Grinder (D:5)
  A wyvern (D:8)
  Duvessa (D:7)
  4 phantoms
  2 orc warriors
  A black bear (D:6)
  A sky beast (D:6)
  3 ogres
  3 centaurs
  A necrophage (D:8)
  5 bullfrogs
  Dowan (D:7)
  A scorpion (D:5)
  5 killer bees (D:7)
  A howler monkey (D:5)
  3 crimson imps
  2 bullfrog zombies
  A centaur zombie (D:6)
  A quasit (D:5)
  2 hounds
  A centaur skeleton (D:5)
  4 orc priests
  10 orc wizards
  4 bullfrog skeletons
  Ijyb (D:3)
  An iguana (D:5)
  6 worker ants
  2 hound skeletons
  A hound zombie (D:6)
  2 worker ant zombies (D:6)
  4 gnolls (D:6)
  9 adders
  A shadow imp (D:6)
  2 adder skeletons
  2 adder zombies
  2 dart slugs
  A worm (D:4)
  7 leopard geckos
  29 orcs
  5 giant cockroaches
  A goblin (D:2)
  2 hobgoblins
  7 jackals
  3 quokkas
  5 ball pythons
  3 bats
  7 frilled lizards
  A jackal skeleton (D:5)
  3 kobolds (D:3)
  A leopard gecko skeleton (D:6)
  4 rats
175 creatures vanquished.

Vanquished Creatures (others)
  2 slaves (D:7)
  2 killer bees (D:7)
  A jackal zombie (D:8)
5 creatures vanquished.

Grand Total: 180 creatures vanquished

Notes
Turn   | Place    | Note
-------+----------+-------------------------------------------
     0 | D:1      | iamserjio the Troll Fighter began the quest for the Orb.
     0 | D:1      | Reached XP level 1. HP: 22/22 MP: 0/0
   136 | D:2      | Reached XP level 2. HP: 27/29 MP: 1/1
   249 | D:2      | Found a radiant altar of Vehumet.
   276 | D:2      | You fall through a shaft for 2 floors!
   314 | D:4      | Reached XP level 3. HP: 36/36 MP: 2/2
   342 | D:3      | Noticed Ijyb
   349 | D:3      | Paralysed by Ijyb for 5 turns
   355 | D:3      | Killed Ijyb
   355 | D:3      | Reached skill level 3 in Unarmed Combat
   391 | D:3      | Reached XP level 4. HP: 44/44 MP: 3/3
   514 | D:3      | You fall through a shaft!
   538 | D:4      | Reached skill level 4 in Unarmed Combat
   538 | D:4      | Reached XP level 5. HP: 53/53 MP: 4/4
   666 | D:5      | Entered Level 5 of the Dungeon
   674 | D:5      | Noticed a phantom
   677 | D:5      | Noticed an ogre
   697 | D:5      | Killed an ogre
   697 | D:5      | Reached XP level 6. HP: 31/61 MP: 5/5
   765 | D:5      | Reached skill level 5 in Unarmed Combat
   785 | D:5      | Reached XP level 7. HP: 25/68 MP: 6/6
   879 | D:6      | Reached skill level 6 in Unarmed Combat
   940 | D:5      | Noticed Grinder
   950 | D:5      | Killed Grinder
   950 | D:5      | Reached skill level 1 in Evocations
  1015 | D:5      | Reached XP level 8. HP: 78/79 MP: 7/7
  1022 | D:5      | Noticed a troll
  1031 | D:5      | Killed a troll
  1031 | D:5      | Reached skill level 7 in Unarmed Combat
  1198 | D:6      | Reached skill level 5 in Fighting
  1198 | D:6      | Reached skill level 5 in Shields
  1259 | D:6      | Reached skill level 8 in Unarmed Combat
  1414 | D:6      | Reached XP level 9. HP: 63/88 MP: 8/8
  1539 | D:7      | Noticed Pikel
  1543 | D:7      | Killed Pikel
  1543 | D:7      | Reached skill level 9 in Unarmed Combat
  1595 | D:7      | Noticed Dowan
  1601 | D:7      | Noticed Duvessa
  1834 | D:8      | Noticed a red ugly thing
  1836 | D:8      | Reached skill level 10 in Unarmed Combat
  1846 | D:8      | Killed a red ugly thing
  1848 | D:8      | Reached XP level 10. HP: 48/100 MP: 9/9
  1896 | D:7      | Killed Duvessa
  1912 | D:7      | Killed Dowan
  2884 | D:5      | Found a staircase to the Ecumenical Temple.
  2922 | Temple   | Entered the Ecumenical Temple
  2985 | Temple   | Became a worshipper of Cheibriados the Contemplative
  3158 | D:9      | Noticed a death yak
  3159 | D:9      | Noticed a death yak
  3169 | D:9      | Noticed a death yak
  3170 | D:9      | Gained mutation: You are agile. (Dex +2) [potion of mutation]
  3170 | D:9      | Lost mutation: You are agile. (Dex +2) [potion of mutation]
  3170 | D:9      | Gained mutation: You expend magic power (3 MP) to strengthen your wands. [potion of mutation]
  3173 | D:9      | Noticed a death yak
  3176 | D:9      | Noticed a death yak
  3177 | D:9      | Quit the game

Skill      XL: |  1  2  3  4  5  6  7  8  9 |
---------------+----------------------------+-----
Unarmed Combat | 3 4 5 6 8 10 | 10.8
Fighting       | 3 4 5 6 |  6.8
Shields        | 3 4 5 6 |  6.8
Evocations     | 1 |  1.3
Dodging        | |  2.4

Action                   |  1- 3 |  4- 6 |  7- 9 | 10-12 || total
-------------------------+-------+-------+-------+-------++-------
Melee: Unarmed           |    67 |   134 |   310 |    93 ||   604
Evoke: Wand              |       |       |    10 |    14 ||    24
  Use: Scroll            |     1 |       |     4 |     1 ||     6
       Potion            |     1 |       |       |     5 ||     6
 Stab: Paralysed         |       |       |    15 |     3 ||    18
  Eat: Chunk             |     8 |     4 |    10 |     9 ||    31
       Ration            |       |       |       |     1 ||     1
Armor: Robe              |    41 |    12 |     9 |       ||    62
       Troll leather arm |       |       |    58 |    39 ||    97
Dodge: Dodged            |    19 |    21 |    69 |    42 ||   151
Block: Shield            |    27 |    43 |   114 |    63 ||   247
